 Dungeon Crawl Stone Soup version 0.30-a0-802-gb92711bcdf (webtiles) character file.

Game seed: 13428484348016704266

21985 Pimp the Fighter (level 12, -5/92 HPs)
             Began as a Minotaur Fighter on Feb 23, 2023.
             Was a High Priest of Okawaru.
             Killed from afar by a wretched star (20 damage)
             ... with a lance of force
             ... in a Gauntlet.
             The game lasted 00:41:47 (17875 turns).

Pimp the Fighter (Minotaur Fighter)                Turns: 17875, Time: 00:41:48

Health: -5/92      AC: 25    Str: 26 (27) XL:     12   Next: 59%
Magic:  8/8        EV:  8    Int:  5      God:    Okawaru [*****.]
Gold:   947        SH:  0    Dex: 11      Spells: 11/11 levels left

rFire   . . .      SeeInvis .    U - +4 demon blade (flame)
rCold   . . .      Faith    +    (no shield)
rNeg    . . .      Spirit   .    k - +2 plate armour
rPois   +          Reflect  .    (helmet restricted)
rElec   .          Harm     .    f - +1 cloak {Stlth+}
rCorr   .          Rampage  .    n - +0 pair of gloves
Will    .....      Rage     9%   C - +2 pair of boots Stlth NoTele +
                                 q - amulet "Neplaehe" {Faith Fly}
HPRegen 0.35/turn                b - ring of poison resistance
MPRegen 0.11/turn                y - +6 ring of strength

@: flying, unable to drink
A: horns 2, retaliatory headbutt, [berserk 2], [deterioration 2], [frail 2],
[low MP 2], [screaming 2], [weak 2], [no potion heal 2], [subdued magic 2],
[inability to drink after injury 2]
a: Renounce Religion, Heroism, Finesse, Duel


You were in a Gauntlet.
You worshipped Okawaru.
Okawaru was extremely pleased with you.
You visited 2 branches of the dungeon, and saw 14 of its levels.
You also visited: Sewer and Gauntlet.

You collected 947 gold pieces.

Inventory:

Hand Weapons
 a - a +0 long sword
 U - a +4 demon blade of flaming (weapon)
Missiles
 i - 3 javelins (quivered)
 o - 2 boomerangs of dispersal
 H - 4 datura-tipped darts
 J - 13 poisoned darts
 V - 3 throwing nets
Armour
 c - a +0 buckler
 f - a +1 cloak of stealth (worn)
 k - a +2 plate armour (worn)
 n - a +0 pair of gloves (worn)
 C - a +2 pair of boots (worn)
 D - the +3 kite shield of Yesterday {rElec Will+}
   (Okawaru gifted it to you on level 12 of the Dungeon)

   rElec:     It insulates you from electricity.
   Will:      It increases your willpower.
 M - a scarf of repulsion
Jewellery
 b - a ring of poison resistance (left hand)
 j - a ring of ice
 p - a ring of resist corrosion
 q - the amulet "Neplaehe" (around neck) {Faith Fly}
   (You found it in a Gauntlet)

   [amulet of faith]

   It allows you to gain divine favour quickly.
   Fly:       It grants you flight.
 y - a +6 ring of strength (right hand)
 A - a ring of wizardry
 L - an amulet of magic regeneration
 Q - the ring "Gachiu Xepn" {AC+4 Dex+5}
   (You found it in a Gauntlet)

   [ring of protection]

   AC:        It affects your AC (+4).
   Dex:       It affects your dexterity (+5).
 R - an amulet of the acrobat
 W - a ring of willpower
 Y - a ring of protection from cold
Wands
 E - a wand of paralysis (13)
 F - a wand of flame (34)
 I - a wand of polymorph (4)
Scrolls
 g - 3 scrolls of summoning
 m - 2 scrolls of fear
 s - 3 scrolls of immolation
 t - 10 scrolls of identify
 G - 2 scrolls of poison
 N - a scroll of enchant armour
 T - 2 scrolls of amnesia
Potions
 d - 3 potions of might
 e - 3 potions of invisibility
 h - 5 potions of curing
 l - a potion of lignification
 r - 2 potions of cancellation {unknown}
 u - 2 potions of haste {unknown}
 w - a potion of resistance
 x - 2 potions of heal wounds
 z - 4 potions of brilliance {unknown}
 B - 2 potions of flight {unknown}
 K - a potion of magic {unknown}
 O - 2 potions of berserk rage {unknown}
 P - a potion of ambrosia {unknown}
 Z - a potion of degeneration {unknown}


   Skills:
 + Level 13.2 Fighting
 + Level 12.9 Long Blades
 + Level 13.2 Armour
 + Level 13.2 Shields


You had 11 spell levels left.
You didn't know any spells.
Your spell library contained the following spells:

 Spells                   Type           Power      Damage    Failure   Level
 Kiss of Death            Conj/Necr      0%         2d5       98%         1
 Magic Dart               Conj           0%         1d3       98%         1
 Slow                     Hex            0%         N/A       98%         1
 Sting                    Tmut/Pois      0%         1d3       98%         1
 Poisonous Vapours        Pois/Air       0%         N/A       99%         2
 Searing Ray              Conj           0%         2d4       99%         2
 Sublimation of Blood     Necr           0%         N/A       99%         2
 Confusing Touch          Hex            0%         N/A       100%        3
 Ignite Poison            Fire/Tmut/Pois 0%         N/A       100%        3
 Portal Projectile        Hex/Tloc       0%         N/A       100%        3
 Stone Arrow              Conj/Erth      0%         3d7       100%        3
 Vampiric Draining        Necr           0%         2d6       100%        3
 Vhi's Electric Charge    Tloc/Air       0%         N/A       100%        3
 Dispel Undead            Necr           0%         3d6       100%        4
 Fulminant Prism          Conj/Hex       0%         3d5       100%        4
 Olgreb's Toxic Radiance  Pois           0%         N/A       100%        4
 Sticky Flame             Conj/Fire      0%         2d3       100%        4
 Blade Hands              Tmut           0%         N/A       100%        5
 Borgnjor's Vile Clutch   Necr/Erth      0%         N/A       100%        5
 Dispersal                Tloc           0%         N/A       100%        6
 Orb of Destruction       Conj           0%         9d5       100%        7
 Ignition                 Fire           0%         3d3       100%        8
 Lehudib's Crystal Spear  Conj/Erth      0%         10d2      100%        8
 Summon Guardian Golem    Hex/Summ       Unusable   N/A       N/A         3
 Tukima's Dance           Hex            Unusable   N/A       N/A         3
 Animate Armour           Summ/Erth      Unusable   N/A       N/A         4
 Animate Dead             Necr           Unusable   N/A       N/A         4
 Death Channel            Necr           Unusable   N/A       N/A         6
 Spellforged Servitor     Conj/Summ      Unusable   N/A       N/A         7

Dungeon Overview and Level Annotations

Branches:
Dungeon (14/15)            Temple (1/1) D:4            Lair (0/5) D:10
  Sewer (visited)         Gauntlet (1/1)
    Orc: D:9-12      Vaults: D:13-14

Altars:
Ashenzari
Cheibriados
Dithmenos
Elyvilon
Fedhas
Gozag
Hepliaklqana
Kikubaaqudgha
Makhleb
Nemelex Xobeh
Okawaru
Qazlal
Ru
Sif Muna
Trog
Uskayaw
Vehumet
Wu Jian
Xom
Yredelemnul
Zin
The Shining One

Shops:
D:2 [   D:9 *   D:11 [   D:12 [(

Annotations:
D:5 1 runed translucent door, sircluck's ghost, weakling GnDe
D:12 3 runed translucent doors Gauntlet 12 transporters


Innate Abilities, Weirdness & Mutations

You have a pair of horns on your head.
You reflexively headbutt those who attack you in melee.
[You have an uncontrollable temper.]
[Your body often deteriorates upon taking damage.]
[You are very frail. (-20% HP)]
[Your magical capacity is very low. (-20% MP)]
[You frequently scream uncontrollably at your foes.]
[You are very weak. (Str -4)]
[Potions cannot restore your health.]
[Your spells are easier to cast, but less powerful.]
[You sometimes lose the ability to drink potions when taking damage.]


Message History

You cannot be healed by potions.
You barely miss the wretched star.
The wretched star is lightly damaged.
The small abomination barely misses you.
You furiously retaliate!
You headbutt the small abomination!
The wretched star glows turbulently.
The lance of force hits you!
You feel threatened and lose the ability to drink potions!
* * * LOW HITPOINT WARNING * * *
You are knocked back by the lance of force.
You can drink potions again.
The small abomination hits you but does no damage.
The wretched star glows turbulently.
The lance of force hits you!
You feel threatened and lose the ability to drink potions!
* * * LOW HITPOINT WARNING * * *
You see here a potion of mutation.
You slash the wretched star! You burn the wretched star.
The wretched star is moderately damaged.
You slash the small abomination! You burn the small abomination.
You destroy the small abomination!
Okawaru accepts your kill.
You can drink potions again.
You closely miss the wretched star.
You headbutt the wretched star, but do no damage.
The wretched star is moderately damaged.
You cannot be healed by potions.
You barely miss the wretched star.
You headbutt the wretched star, but do no damage.
The wretched star is moderately damaged.
You closely miss the wretched star. You headbutt the wretched star!
The wretched star is heavily damaged.
The wretched star pulses with an eldritch light!
You feel the urge to shout.
You feel a strong urge to scream.
Really quaff the potion of mutation?
You feel extremely strange.
The wretched star glows turbulently.
The lance of force hits you!!
You feel threatened and lose the ability to drink potions!
You die...

#.........#.#...#.#...#.#....Y.pY
#.#.#.#.#.#.#..#...#..#.#p#...###
#..#.#.#..#.#.##...##.#.#YY.###..
#.#.#.#.#.#.##..#.#..##.#.#.#...#
#..#.©.#..#.#....©..*.#.#Y#..©#.#
#.#.#.#.#.#.##..#.#..##.#...###..
#..#.#.#..#.#.#######.#.#Y###...#
#.#.#.#.#w#.#..#...#..#.#Y#...#.#
#..!(©.[.w#.#...@*.)..#.#...(©=YY
###########.###########.#########
.................................
.................................
#################################
8# #8# #8# #8# #8# #8# #8##≈.....
## ### ### ### ### ### ####8..©.©
#≈..... ###.#.#


You could see a wretched star, a tyrant leech and a swamp worm.

Vanquished Creatures
  Harold (D:10)
  Erolcha (D:11)
  2 two-headed ogres
  2 boulder beetles
  2 tengu warriors
  Pikel (D:5)
  3 manticores
  3 cyclopes (D:12)
  Maggie (D:7)
  4 tengu conjurers
  3 hornets (Gauntlet)
  Prince Ribbit (D:7)
  2 shadows
  2 slime creatures (D:12)
  A wraith (D:12)
  30 yaks
  4 wyverns
  A centaur simulacrum (D:14)
  A basilisk (D:10)
  2 vampire mosquitoes (D:14)
  4 steam dragons
  Menkaure (D:5)
  4 water moccasins
  Duvessa (D:6)
  2 sky beasts (D:7)
  2 black bears
  5 orc warriors
  6 ice beasts
  4 ogres
  4 centaurs
  3 kobold brigands
  3 necrophages
  3 bullfrogs
  6 scorpions
  4 wights (D:10)
  Dowan (D:6)
  15 killer bees
  A howler monkey (D:7)
  2 jellies
  Crazy Yiuf (D:5)
  5 orc priests
  2 gnoll boudas
  5 hounds
  4 iguanas
  15 orc wizards
  A small abomination (Gauntlet)
  Robin (D:3)
  18 adders
  12 gnolls
  2 river rats (Sewer)
  3 white imps
  2 ufetubi
  2 worms (D:2)
  2 dart slugs
  41 orcs
  6 endoplasms
  5 giant cockroaches
  21 goblins
  8 hobgoblins
  4 jackals (Sewer)
  13 kobolds
  6 quokkas
  19 ball pythons
  5 bats
  8 frilled lizards
  7 rats
356 creatures vanquished.

Vanquished Creatures (others)
  9 fungi
  44 plants
  4 toadstools (D:1)
57 creatures vanquished.

Grand Total: 413 creatures vanquished

Notes
Turn   | Place    | Note
-------+----------+-------------------------------------------
     0 | D:1      | Pimp the Minotaur Fighter began the quest for the Orb.
     0 | D:1      | Reached XP level 1. HP: 19/19 MP: 0/0
    70 | D:1      | Reached XP level 2. HP: 27/27 MP: 1/1
   697 | D:2      | Found a shimmering blue altar of Sif Muna.
   712 | D:2      | Reached XP level 3. HP: 33/33 MP: 2/2
   901 | D:2      | Reached XP level 4. HP: 40/40 MP: 3/3
   963 | D:2      | Found Codegech's Armour Boutique.
  1563 | D:3      | Noticed Robin
  1582 | D:3      | Killed Robin
  1583 | D:3      | Reached XP level 5. HP: 19/47 MP: 4/4
  1751 | D:3      | Found a blossoming altar of Fedhas.
  1969 | D:3      | Found a faded altar of an unknown god.
  2349 | D:3      | Found a shimmering altar of Xom.
  2522 | D:4      | Noticed an orc warrior
  2720 | D:4      | Noticed an ogre
  2729 | D:4      | Killed an ogre
  2730 | D:4      | Reached skill level 5 in Fighting
  2730 | D:4      | Reached skill level 5 in Armour
  2730 | D:4      | Reached skill level 5 in Shields
  2730 | D:4      | Reached XP level 6. HP: 55/56 MP: 5/5
  3185 | D:4      | Reached skill level 5 in Long Blades
  3185 | D:4      | Reached XP level 7. HP: 43/62 MP: 6/6
  3266 | D:4      | Found a staircase to the Ecumenical Temple.
  3275 | Temple   | Entered the Ecumenical Temple
  3275 | Temple   | Found a transporter.
  3275 | Temple   | Found a transporter.
  3277 | Temple   | Found a transporter.
  3277 | Temple   | Found a transporter.
  3307 | Temple   | Became a worshipper of Warmaster Okawaru
  3780 | D:4      | Found a hide-covered altar of Uskayaw.
  3899 | D:5      | Entered Level 5 of the Dungeon
  3957 | D:5      | Noticed Pikel
  3991 | D:5      | Killed Pikel
  3991 | D:5      | Reached * piety under Okawaru
  3992 | D:5      | Reached XP level 8. HP: 37/73 MP: 7/7
  4236 | D:5      | Noticed Menkaure
  4249 | D:5      | Killed Menkaure
  4265 | D:5      | Reached ** piety under Okawaru
  4606 | D:5      | Found a glowing drain.
  4639 | Sewer    | Entered a sewer
  5381 | D:5      | Reached XP level 9. HP: 78/81 MP: 8/8
  5402 | D:5      | Found a runed translucent door.
  5403 | D:5      | Noticed Crazy Yiuf
  5412 | D:5      | Killed Crazy Yiuf
  5539 | D:5      | Found a runed translucent door.
  5545 | D:5      | Noticed sircluck's ghost (weakling GnDe)
  6258 | D:6      | Found a glowing golden altar of the Shining One.
  6262 | D:6      | Found a shadowy altar of Dithmenos.
  6636 | D:6      | Reached *** piety under Okawaru
  6907 | D:6      | Noticed Dowan
  6913 | D:6      | Noticed Duvessa
  6923 | D:6      | Killed Duvessa
  6933 | D:6      | Killed Dowan
  7208 | D:7      | Noticed a two-headed ogre
  7217 | D:7      | Noticed Maggie
  7369 | D:7      | Killed a two-headed ogre
  7370 | D:7      | Reached XP level 10. HP: 59/91 MP: 9/9
  7543 | D:7      | Killed Maggie
  7543 | D:7      | Reached **** piety under Okawaru
  8252 | D:7      | Found a shimmering blue altar of Sif Muna.
  8252 | D:7      | Found a stormy altar of Qazlal.
  8260 | D:7      | Found a faded altar of an unknown god.
  8262 | D:7      | Found a bloodstained altar of Trog.
  8264 | D:7      | Found a faded altar of an unknown god.
  8403 | D:7      | Noticed Prince Ribbit
  8411 | D:7      | Killed Prince Ribbit
  8412 | D:7      | Reached skill level 10 in Fighting
  8412 | D:7      | Reached skill level 10 in Armour
  8447 | D:7      | Reached skill level 10 in Shields
  8887 | D:7      | Reached ***** piety under Okawaru
  9265 | D:8      | Reached skill level 10 in Long Blades
 10695 | D:9      | Found a radiant altar of Vehumet.
 10945 | D:9      | Reached XP level 11. HP: 89/101 MP: 10/10
 11211 | D:9      | Found Kyenunoc's Serpentskin Sales.
 12112 | D:10     | Entered Level 10 of the Dungeon
 12114 | D:10     | Found a staircase to the Lair.
 12346 | D:10     | Noticed Harold
 12397 | D:9      | Received a gift from Okawaru
 13214 | D:10     | Killed Harold
 13214 | D:10     | Received a gift from Okawaru
 14269 | D:11     | Noticed Erolcha
 14319 | D:11     | Killed Erolcha
 14515 | D:11     | Found an opulent altar of Gozag.
 14589 | D:11     | Found Penuj's Antique Armour Shop.
 14606 | D:11     | Noticed a boulder beetle
 14624 | D:11     | Killed a boulder beetle
 15196 | D:12     | Reached XP level 12. HP: 102/113 MP: 11/11
 15235 | D:12     | Got the Compendium of Orientation and Dark Liturgies
 15389 | D:12     | Found a runed translucent gate.
 15389 | D:12     | Found a runed translucent gate.
 15389 | D:12     | Found a runed translucent gate.
 15409 | D:12     | Found Bounobeu's Weapon Emporium.
 15434 | D:12     | Found Neliobeal's Antique Armour Boutique.
 16651 | D:12     | Identified the +3 kite shield of Yesterday {rElec Will+}
                  | (Okawaru gifted it to you on level 12 of the Dungeon)
 16651 | D:12     | Received a gift from Okawaru
 16803 | D:12     | You fall into a shaft and drop 2 floors!
 16866 | D:14     | Noticed a tengu warrior
 16876 | D:14     | Killed a tengu warrior
 16877 | D:14     | Noticed a boulder beetle
 16904 | D:14     | Killed a boulder beetle
 16935 | D:14     | Noticed a two-headed ogre
 16936 | D:14     | Noticed an ogre mage
 16938 | D:14     | Noticed a two-headed ogre
 16943 | D:14     | Killed a two-headed ogre
 17172 | D:14     | Found a gate leading to a gauntlet.
 17180 | Gauntlet | Entered a Gauntlet
 17180 | Gauntlet | Found a transporter.
 17190 | Gauntlet | Found a transporter.
 17208 | Gauntlet | Found a transporter.
 17214 | Gauntlet | Found a transporter.
 17229 | Gauntlet | Found a transporter.
 17248 | Gauntlet | Found a transporter.
 17256 | Gauntlet | Noticed a death yak
 17256 | Gauntlet | Noticed a death yak
 17256 | Gauntlet | Noticed a death yak
 17257 | Gauntlet | Noticed a death yak
 17258 | Gauntlet | Noticed a death yak
 17260 | Gauntlet | Found a transporter.
 17272 | Gauntlet | Found a transporter.
 17272 | Gauntlet | Noticed an eight-headed hydra
 17284 | Gauntlet | Found a transporter.
 17296 | Gauntlet | Found a transporter.
 17312 | Gauntlet | Noticed a quicksilver ooze
 17314 | Gauntlet | Found a transporter.
 17331 | Gauntlet | Found a transporter.
 17333 | Gauntlet | Found a transporter.
 17361 | Gauntlet | Noticed a tengu warrior
 17367 | Gauntlet | Found a transporter.
 17377 | Gauntlet | Killed a tengu warrior
 17731 | Gauntlet | Found a transporter.
 17731 | Gauntlet | Found a transporter.
 17734 | Gauntlet | Found a transporter.
 17735 | Gauntlet | Identified the amulet "Neplaehe" {Faith Fly}
 17861 | Gauntlet | Identified the ring "Gachiu Xepn" {AC+4 Dex+5}
 17875 | Gauntlet | Killed from afar by a wretched star

Illustrated notes

Levels and vault maps discovered:
D:1:      ldierk_walled_garden_2, layout_rooms
D:2:      layout_rooms, basic_altar, serial_shops, nicolae_lakefront_shop,
          minmay_snake_closets
D:3:      layout_loops_ring, lemuel_tele_altar, fedhas_altar_fruit_tree,
          chequers_ecumenical_altar_grove, uniq_robin
D:4:      layout_cave_pools, eat_drink_and_be_merry_uskayaw,
          minmay_temple_entry_waves, minmay_ogre_servants
D:5:      layout_loops_ring, gup_sewer_entry_pipe, ebering_ghost_sewer_d,
          kennysheep_potato, uniq_crazy_yiuf_cottage, uniq_pikel, uniq_menkaure
D:6:      layout_loops_corners, grunt_temple_overflow_open, nrook_pool_corridor,
          grunt_decor_arrowhead, uniq_duvessa
D:7:      layout_loops_corners, chequers_temple_overflow_minitemple,
          grunt_decor_cap, chequers_serial_rivers_small_a, uniq_maggie,
          uniq_prince_ribbit1
D:8:      layout_gridville
D:9:      layout_stronghold, kennysheep_mini_moat, guppyfry_shop_venom
D:10:     layout_irregular_city, minmay_lair_entry_grove, uniq_harold
D:11:     layout_loops_ring, serial_shops, shop,
          nicolae_gozag_cash_rules_everything_around_me, uniq_erolcha
D:12:     layout_roguey, kennysheep_orc_monster_closet_entryway,
          ploomutoo_gammafunk_ghost_potion_laboratory, serial_shops,
          shop_statue, shop, shop, nicolae_shop_stone,
          hangedman_decor_diamond_cutter
D:14:     minmay_bubble_buster, layout_long_grid,
          nicolae_kite_square_tiling_tiny, gauntlet_entry_generic,
          kb_tengu_band, uniq_lodul
Temple:   hellmonk_temple_divided_pantheon
Gauntlet: gammafunk_gauntlet_one_two_three
          [gammafunk_gauntlet_arena_arrow_garden, nicolae_gauntlet_arena_x,
          gammafunk_gauntlet_arena_hedges, gammafunk_gauntlet_arena_teeth,
          nicolae_gauntlet_arena_quarters, nicolae_gauntlet_arena_t_cross,
          nicolae_gauntlet_arena_grate_2, gammafunk_gauntlet_arena_chambers,
          gammafunk_gauntlet_arena_grid, nicolae_gauntlet_exit_dead_adventurers]

Skill      XL: |  1  2  3  4  5  6  7  8  9 10 11 12 |
---------------+-------------------------------------+-----
Fighting       | 4 5 7 9 10 12 13 | 13.2
Shields        | 4 5 7 9 10 12 13 | 13.2
Armour         | 4 5 7 9 10 12 13 | 13.2
Long Blades    | 3 4 5 6 7 9 10 12 | 12.9

Action                     |  1- 3 |  4- 6 |  7- 9 | 10-12 || total
---------------------------+-------+-------+-------+-------++-------
  Melee: Long sword        |    68 |   175 |   418 |   480 ||  1141
         Headbutt          |    11 |    29 |    94 |   171 ||   305
         Demon blade       |       |       |       |   310 ||   310
         Punch             |       |       |       |     1 ||     1
  Throw: Javelin           |       |       |       |     6 ||     6
    Use: Scroll            |       |    13 |     3 |    10 ||    26
         Potion            |       |       |     3 |     5 ||     8
 Armour: Scale mail        |    44 |     9 |       |       ||    53
         Chain mail        |       |   131 |    15 |       ||   146
         Plate armour      |       |       |   257 |   637 ||   894
  Dodge: Dodged            |    43 |    89 |   106 |   303 ||   541
         Repelled          |       |       |       |     3 ||     3
  Block: Buckler           |    24 |    59 |    96 |   244 ||   423

Table legend: (Time is in decaauts)
 A = Elapsed time spent in this place.
 B = Non-inter-level travel time spent in this place.
 C = Inter-level travel time spent in this place.
 D = Time resting spent in this place.
 E = Time spent auto-exploring this place.
 F = Levels seen in this place.
 G = Mean time per level.
                   A        B        C        D        E       F      G
               +--------+--------+--------+--------+--------+-----+--------+
         Total |  18054 |  16123 |   1931 |   4321 |   8228 |  16 | 1128.4 |
       Dungeon |  16495 |  14580 |   1915 |   3908 |   7645 |  13 | 1268.8 |
        Temple |     48 |     32 |     16 |      0 |      0 |   1 |   48.0 |
         Sewer |    829 |    829 |      0 |     41 |    543 |   1 |  829.0 |
      Gauntlet |    681 |    681 |      0 |    372 |     39 |   1 |  681.0 |
               +--------+--------+--------+--------+--------+-----+--------+

Top non-repeatable levels by time:
     D:9: 2917 daAuts
     D:7: 2100 daAuts
     D:6: 1513 daAuts
     D:3: 1509 daAuts
     D:5: 1484 daAuts
     D:4: 1299 daAuts
    D:11: 1232 daAuts
     D:8: 1174 daAuts
    D:10: 1087 daAuts
     D:2: 869 daAuts
   Sewer: 829 daAuts
Gauntlet: 681 daAuts
    D:12: 521 daAuts
     D:1: 418 daAuts
    D:14: 366 daAuts
